Map: Acolyte LE

Players

Winthrowe

  • Race: Terran Terran
  • League: Silver
  • Spawn Location: 1:00

A.I. 1 (Hard) - Winner!

  • Race: Terran Terran
  • Spawn Location: 7:00

VOD

Have the link to the VOD?

Description

Time

  • Played on: Aug. 24, 2017, 7:47 p.m.
  • Length: 25:13
Show
View Real Time Build Order
Export as new Build Order

Winthrowe Terran 

Build Orders: MMM Bio 

Get SALT Encoding   

  12  0:01  SCV  
  13  0:13  SCV  
  14  0:23  Supply Depot  
  14  0:25  SCV  
  15  0:43  Refinery  
  15  0:45  SCV  
  15  0:47  Barracks  
  16  0:57  SCV  
  17  1:09  SCV  
  18  1:21  SCV  
  19  1:31  Engineering Bay  
  19  1:33  SCV  
  19  1:36  Marine, Barracks  
  21  1:45  SCV  
  22  1:57  SCV  
  22  1:58  Supply Depot  
  22  2:00  Refinery  
  23  2:17  Orbital Command  
  23  2:20  Marine  
  24  2:30  Factory  
  24  2:37  Barracks Tech Lab  
  24  2:39  Barracks Tech Lab  
  24  2:50  SCV  
  25  2:57  Marauder  
  27  3:00  Marine  
  28  3:16  Supply Depot  
  28  3:17  Marine  
  28  3:19  Supply Depot  
  29  3:20  Combat Shields  
  29  3:23  Stimpack  
  29  3:24  Marine  
  30  3:28  Factory Reactor  
  30  3:35  Marine  
  30  3:39  Supply Depot  
  31  3:41  Marine  
  31  3:45  Armory  
  32  3:53  Marine  
  33  3:59  Marine  
  34  4:16  Marine  
  35  4:18  Marine  
  36  4:34  Marine  
  36  4:36  Marine  
  38  4:41  Command Center  
  38  4:49  Cyclone  
  38  4:50  Cyclone  
  38  4:52  Marauder  
  46  4:54  Marine  
  47  5:00  Engineering Bay  
  47  5:02  Terran Infantry Weapons Level 1  
  47  5:06  Concussive Shells  
  47  5:11  Marine  
  47  5:13  Marine  
  49  5:21  Supply Depot  
  49  5:27  SCV  
  52  5:35  Marauder  
  52  5:45  Supply Depot  
  52  5:47  SCV  
  53  5:59  Terran Infantry Armor Level 1  
  53  6:00  SCV  
  54  6:25  Bunker  
  54  6:44  Orbital Command  
  54  6:51  SCV  
  55  6:54  Marauder  
  55  6:55  Marine, Neosteel Frame  
  55  6:57  Refinery  
  55  6:59  Cyclone  
  61  7:03  SCV  
  62  7:12  Marine  
  63  7:22  Refinery  
  63  7:36  Starport  
  63  7:53  Marine  
  63  7:54  Marine x2  
  66  7:59  Thor  
  72  8:11  Marine  
  72  8:12  Marine x2  
  75  8:14  Starport Reactor  
  75  8:21  Supply Depot  
  75  8:27  SCV x2  
  75  8:29  Marine x2  
  75  8:30  Marine  
  80  8:39  SCV x2  
  82  8:42  Thor  
  82  8:44  Supply Depot  
  82  8:47  Marine x2  
  82  8:48  Marine  
  91  8:51  SCV  
  91  8:52  SCV  
  93  9:05  Medivac x2  
  93  9:06  Marine, Supply Depot  
  93  9:07  Supply Depot  
  93  9:09  Supply Depot  
  98  9:10  Terran Infantry Weapons Level 2  
  98  9:19  Terran Infantry Armor Level 2  
  98  9:29  Supply Depot  
  98  9:32  Supply Depot  
  98  9:35  Marauder  
  100  9:51  Ghost Academy  
  100  9:53  Supply Depot  
  100  9:56  Marauder  
  100  9:57  Supply Depot  
  102  10:11  Marine x2  
  104  10:18  Marauder  
  106  10:23  Armory  
  106  10:29  Marine x2  
  108  10:42  Command Center  
  108  10:45  Supply Depot  
  108  11:03  Terran Vehicle Weapons Level 1  
  108  11:07  Supply Depot  
  108  11:12  Armory  
  108  11:15  Liberator x2  
  108  11:17  Terran Vehicle And Ship Armor Level 1  
  108  11:20  Marine  
  108  11:21  Marine  
  108  11:22  Marauder  
  112  11:28  Cyclone  
  121  11:54  Marauder  
  123  11:57  Refinery  
  123  11:58  Liberator x2  
  123  12:00  Cyclone  
  126  12:11  Orbital Command  
  126  12:15  Marauder  
  134  12:22  Refinery  
  134  12:23  SCV  
  134  12:24  SCV  
  134  12:28  Marine  
  134  12:29  Marine  
  138  12:36  SCV x2, Terran Infantry Weapons Level 3, Marauder  
  142  12:39  Terran Infantry Armor Level 3  
  142  12:46  Marine  
  142  12:47  Marine  
  144  12:57  Marine  
  145  12:59  Sensor Tower  
  145  13:04  Marine  
  145  13:05  Marine  
  147  13:07  Medivac x2  
  151  13:15  Marine  
  151  13:18  Supply Depot  
  152  13:22  Marine  
  152  13:23  Marine  
  154  13:33  Marine  
  145  13:40  Marine x2  
  147  13:42  Supply Depot  
  147  13:45  Viking  
  147  13:46  Viking  
  151  13:51  Marauder  
  153  13:57  Marine  
  153  13:58  Marine  
  155  14:04  Supply Depot  
  155  14:13  Marauder  
  155  14:15  Marine  
  155  14:16  Marine  
  159  14:33  Marine, Cyclone  
  159  14:34  Marine, Marauder  
  166  14:44  SCV x3  
  169  14:51  Marine  
  169  14:52  Marine  
  171  14:55  Marauder  
  171  14:56  SCV x3  
  176  15:05  Cyclone  
  179  15:09  Marine x2  
  183  15:26  Marine  
  183  15:27  Marine  
  185  15:30  Command Center  
  185  15:33  Ghost  
  185  15:37  Cyclone  
  188  15:44  Marine  
  188  15:47  Nuke  
  189  16:02  Ghost  
  191  16:07  Fusion Core  
  191  16:09  Cyclone  
  194  16:19  Marine  
  195  16:31  Ghost  
  197  16:41  Cyclone  
  200  16:55  Starport  
  200  17:33  Factory  
  168  17:44  Terran Vehicle Weapons Level 2  
  168  17:45  Terran Ship Weapons Level 1, Terran Vehicle And Ship Armor Level 2  
  137  17:59  Ghost  
  137  18:02  Viking  
  137  18:03  Viking  
  133  18:08  Marine x2  
  124  18:26  Marine x2  
  117  18:43  Marine  
  117  18:44  Marine  
  103  19:01  Marine  
  103  19:02  Marine  
  102  19:03  Raven  
  98  19:46  Banshee  
  101  20:29  Battlecruiser  
  101  20:30  Factory Reactor  
  101  20:32  Starport Reactor  
  107  20:36  Marine x4  
  111  20:48  Thor  
  117  20:54  Marine x4  
  121  21:11  Marine  
  121  21:12  Marine x3  
  93  21:29  Marine  
  93  21:30  Marine x3  
  93  21:31  Thor, Command Center  
  65  21:47  Marine x3  
  65  21:48  Marine  
  65  21:49  Hellion  
  65  21:50  Hellion  
  65  21:52  Viking  
  65  21:53  Viking  
  64  22:11  Hellion x2  
  64  22:14  Hellion  
  65  22:22  Viking  
  60  22:23  Viking  
  64  22:32  Hellion x2  
  64  22:36  Hellion  
  52  22:52  Viking  
  52  22:53  Viking, Hellion  
  52  22:54  Hellion  
  52  22:57  Hellion  
  62  23:22  Viking  
  62  23:23  Viking  
  36  23:58  Hellion  
  36  23:59  Hellion  
  40  24:04  Viking  
  40  24:05  Viking  
  44  24:19  Hellion  
  44  24:20  Hellion  
  48  24:34  Viking  
  48  24:35  Viking  
  52  24:41  Hellion x2  
  55  24:47  Command Center  
Show
View Real Time Build Order
Export as new Build Order

A.I. 1 (Hard) Terran - Winner!

Build Orders: MMM Bio 

Get SALT Encoding   

  12  0:00  SCV  
  13  0:13  SCV  
  14  0:19  Supply Depot  
  14  0:25  SCV  
  15  0:40  SCV  
  16  0:44  Barracks  
  16  0:52  SCV  
  17  1:05  SCV  
  18  1:17  Command Center  
  18  1:32  Orbital Command  
  18  1:33  Marine  
  18  1:37  Supply Depot  
  19  1:45  Refinery  
  19  1:51  Marine  
  20  1:58  SCV  
  21  2:01  Barracks  
  21  2:08  Refinery  
  21  2:09  Marine  
  21  2:11  SCV  
  23  2:23  SCV  
  23  2:28  Barracks Tech Lab  
  24  2:36  SCV  
  25  2:46  Marine  
  25  2:48  Marine  
  25  2:49  SCV  
  28  2:53  SCV  
  29  3:01  SCV  
  29  3:05  SCV, Marauder  
  33  3:06  Barracks Tech Lab  
  33  3:12  Factory  
  33  3:21  Factory  
  33  3:25  Marine  
  34  3:40  Refinery  
  34  3:57  Refinery  
  34  3:58  Starport, Factory Tech Lab  
  34  4:02  Starport  
  34  4:05  Factory Tech Lab, Marauder  
  36  4:18  Marauder  
  36  4:19  SCV  
  36  4:21  SCV  
  40  4:25  Supply Depot  
  40  4:36  Ghost Academy, Starport Tech Lab  
  40  4:39  Starport Tech Lab  
  40  4:53  SCV  
  40  4:54  Medivac  
  40  4:55  SCV  
  44  5:04  Stimpack  
  44  5:05  SCV  
  44  5:06  Ghost  
  45  5:08  SCV  
  48  5:14  Supply Depot  
  48  5:17  SCV  
  48  5:20  SCV  
  50  5:25  Combat Shields  
  50  5:29  SCV  
  50  5:32  SCV  
  52  5:40  Engineering Bay  
  52  5:41  SCV  
  53  5:46  SCV  
  54  5:53  SCV  
  54  5:56  Marine  
  56  5:58  SCV  
  56  6:02  Supply Depot  
  57  6:05  SCV  
  57  6:07  Terran Infantry Armor Level 1  
  57  6:09  Marine  
  57  6:10  SCV  
  60  6:22  Marine  
  60  6:23  SCV  
  62  6:25  Supply Depot  
  62  6:26  SCV  
  63  6:35  Marine, SCV  
  65  6:44  Concussive Shells  
  65  6:47  Medivac, SCV  
  65  6:48  Marine  
  65  6:52  Supply Depot  
  69  7:01  Marine  
  70  7:03  Missile Turret  
  70  7:06  Missile Turret  
  70  7:08  Missile Turret  
  70  7:11  Missile Turret  
  70  7:13  Raven, SCV  
  70  7:14  Marauder  
  75  7:17  Raven  
  75  7:19  SCV  
  75  7:21  Sensor Tower  
  75  7:22  Supply Depot  
  78  7:25  SCV  
  78  7:27  Marauder  
  78  7:29  Bunker  
  81  7:31  Bunker, SCV  
  82  7:40  Armory, Marauder  
  84  7:44  Barracks  
  84  7:47  SCV  
  84  7:48  Supply Depot  
  85  7:52  Ghost  
  87  8:01  Terran Infantry Weapons Level 1  
  87  8:31  Barracks Reactor  
  87  9:37  Raven, Medivac, Reaper  
  87  9:38  Supply Depot, Terran Vehicle Weapons Level 1  
  92  9:40  Reaper  
  92  9:42  Fusion Core  
  92  9:43  Marine  
  94  9:45  Marine  
  94  9:46  Engineering Bay, Command Center  
  94  9:51  Armory  
  95  9:55  Terran Infantry Armor Level 2  
  95  10:00  Marine  
  95  10:02  Supply Depot  
  95  10:04  Reaper  
  97  10:09  Reaper  
  97  10:11  Terran Infantry Weapons Level 2  
  97  10:12  Marine  
  99  10:38  Terran Vehicle And Ship Armor Level 1  
  99  10:59  SCV  
  99  11:00  SCV  
  99  11:02  SCV  
  102  11:08  Refinery  
  102  11:10  Missile Turret  
  102  11:11  SCV  
  103  11:12  Missile Turret, SCV  
  103  11:13  Refinery  
  103  11:14  SCV  
  105  11:32  Terran Ship Weapons Level 1  
  105  11:33  Bunker  
  105  11:36  SCV  
  105  11:38  SCV  
  105  11:39  SCV  
  108  12:43  Command Center  
  108  13:04  Marine  
  108  13:05  Terran Infantry Armor Level 3, Terran Vehicle Weapons Level 2, Terran Infantry Weapons Level 3  
  109  13:06  Marine, High Capacity Fuel Tanks  
  109  13:07  Supply Depot  
  109  13:08  Marine  
  109  13:11  Marine  
  111  13:23  Marauder  
  111  13:24  Marine  
  111  13:26  Marine, Terran Vehicle And Ship Armor Level 2  
  112  13:28  Marine  
  112  13:29  Raven  
  112  13:33  Medivac  
  75  13:42  Marauder  
  75  13:43  Marine  
  75  13:44  Marine  
  75  13:46  Marine  
  80  13:56  SCV  
  80  13:58  SCV  
  80  14:01  Marine  
  80  14:02  Marine  
  84  14:03  Marine, Medivac  
  84  14:04  Marine  
  84  14:09  Refinery  
  88  14:12  Raven  
  88  14:13  Missile Turret  
  88  14:16  Missile Turret, Refinery  
  90  14:19  Marine  
  90  14:20  Marine  
  90  14:22  Marine, Marauder  
  95  14:36  Ghost, Bunker  
  95  14:37  Marine  
  98  14:40  Marine  
  98  14:42  Marine  
  100  14:55  Marine  
  100  14:57  Marine  
  102  15:00  Ghost  
  102  15:06  Marauder  
  106  15:13  Marine  
  107  15:15  Marine  
  107  15:21  Terran Ship Weapons Level 2  
  108  15:27  Marine  
  109  15:29  Marauder  
  109  15:31  Marine  
  109  15:33  Marine  
  113  15:42  Building Armor, Neosteel Frame, Terran Vehicle Weapons Level 3  
  113  15:45  Marauder  
  115  15:51  Marauder  
  117  16:06  Marauder  
  119  16:36  Siege Tank  
  122  16:40  Viking  
  122  16:44  Siege Tank  
  122  16:45  Supply Depot  
  127  16:49  Viking  
  129  17:01  Hi-Sec Auto Tracking  
  129  17:08  Siege Tank  
  132  17:10  Viking  
  134  17:17  Cyclone  
  134  17:19  Viking, Supply Depot  
  139  17:23  Liberator  
  139  17:32  Liberator  
  139  17:37  Terran Vehicle And Ship Armor Level 3  
  139  17:39  Command Center  
  139  17:40  Siege Tank  
  140  17:45  Supply Depot  
  140  17:48  Thor  
  140  17:50  Advanced Ballistics  
  145  17:55  Marine  
  112  17:59  Marine  
  112  18:03  Marine  
  104  18:08  Marine  
  105  18:13  Marine  
  105  18:17  Marine  
  105  18:19  Terran Ship Weapons Level 3  
  107  18:21  Marine  
  107  18:23  Raven  
  110  18:29  Thor  
  110  18:31  Marine  
  110  18:32  Medivac  
  119  19:00  Refinery  
  119  19:01  Raven  
  121  19:03  Missile Turret  
  121  19:04  Missile Turret  
  121  19:05  Raven, Refinery  
  121  19:27  Bunker  
  121  19:44  Medivac  
  121  20:14  Marauder  
  123  20:16  Ghost  
  123  20:18  Widow Mine  
  127  20:22  Reaper  
  127  20:24  Widow Mine  
  127  20:28  Marine  
  131  20:34  Marine  
  132  20:45  Marine, Medivac, Marauder  
  132  20:47  Widow Mine  
  137  20:52  Ghost  
  137  20:53  Widow Mine  
  137  20:54  Drilling Claws  
  137  20:55  Marine  
  142  21:03  Marine  
  143  21:06  Marine  
  144  21:13  Reaper  
  145  21:21  Marine, Ghost  
  145  21:23  Ghost  
  129  21:39  Marine  
  130  21:44  Marine  
  128  21:49  Marine  
  128  21:52  Marine  
  127  21:57  Marine  
  126  22:02  Marine  
  126  22:08  Marauder  
  129  22:11  Marauder  
  129  22:15  Marine  
  132  22:20  Marine  
  132  22:22  Command Center  
  125  22:29  Marine  
  126  22:31  Ghost  
  128  22:51  Raven  
  128  22:54  Raven  
  126  23:34  Raven  
  128  23:43  Refinery  
  128  23:47  Missile Turret  
  116  23:49  Missile Turret  
  116  23:50  Refinery  
  116  23:56  Siege Tank  
  116  23:58  Marine  
  116  24:00  Marine  
  116  24:02  Marine  
  122  24:04  Marine  
  122  24:07  Siege Tank  
  122  24:08  Bunker  
  126  24:16  Marauder  
  128  24:18  Marauder  
  130  24:28  Siege Tank  
  133  24:50  SCV  
Tags
 
Composition
MMM BioMMM Bio
League
Silver
Matchup
TvT
Race
Terran
Spawn Locations
Cross Positions
Add a new tag
Caveats
  • Supply blocks, unpowered buildings, or Contaminate may cause inaccurate times.
  • Supply counts are checked every 10 seconds.